 Dungeon Crawl Stone Soup version 0.24.0-28-g17ded55e90 (webtiles) character file.

Game seed: 13759040022950702909, levelgen mode: deterministic

5721 Kairok the Covert (level 10, -11/51 HPs)
             Began as a Vine Stalker Assassin on Nov 11, 2019.
             Was a High Priest of Okawaru.
             Mangled by a death yak (14 damage)
             ... on level 8 of the Dungeon.
             The game lasted 00:17:14 (8010 turns).

Kairok the Covert (Vine Stalker Assassin)           Turns: 8010, Time: 00:17:14

Health: -11/51     AC: 10    Str: 19    XL:     10   Next: 76%
Magic:  0/11       EV: 20    Int: 11    God:    Okawaru [*****.]
Gold:   446        SH:  6    Dex: 19    Spells: 9/9 levels left

rFire    . . .     SeeInvis .   a - +4 dagger
rCold    + . .     Gourm    .   x - +0 buckler
rNeg     . . .     Faith    .   D - +0 troll leather armour {Purgy}
rPois    .         Spirit   +   (no helmet)
rElec    +         Reflect  .   c - +0 cloak
rCorr    .         Harm     .   k - +0 pair of gloves
MR       +....                  (no boots)
Stlth    ++++++....             v - amulet of magic regeneration
HPRegen  0.97/turn              i - ring of protection from cold
MPRegen  0.37/turn              (no ring)

@: mighty, heroism
A: fangs 3, icy blue scales 1, regeneration 1, electricity resistance, magic
shield, antimagic bite, no potion heal 3, rot immunity
a: Heroism, Finesse, Renounce Religion


You were on level 8 of the Dungeon.
You worshipped Okawaru.
Okawaru was extremely pleased with you.
You were very hungry.

You visited 2 branches of the dungeon, and saw 9 of its levels.
You also visited: Sewer.

You collected 446 gold pieces.

Inventory:

Hand Weapons
 a - a +4 dagger (weapon)
Missiles
 d - 25 poisoned darts
 H - a throwing net (quivered)
Armour
 c - a +0 cloak (worn)
 k - a +0 pair of gloves (worn)
 t - a +2 robe of cold resistance
 x - a +0 buckler (worn)
 D - a +0 troll leather armour (worn) {Purgy}
Jewellery
 i - a ring of protection from cold (left hand)
 v - an amulet of magic regeneration (around neck)
 J - an uncursed ring of protection from cold
Wands
 G - a wand of random effects (12)
 I - a wand of polymorph (6)
Scrolls
 b - 3 scrolls of blinking
 e - a scroll of fog
 j - 3 scrolls of identify
 l - a scroll of silence
 o - 4 scrolls of teleportation
 s - 5 scrolls of remove curse
 w - a scroll of enchant armour {unknown}
 y - a scroll of immolation {unknown}
 B - a scroll of magic mapping
 E - a scroll of fear
 K - a scroll of torment {unknown}
Potions
 h - 2 potions of haste {unknown}
 n - a potion of mutation
 q - 2 potions of degeneration
 u - a potion of flight {unknown}
 z - 2 potions of heal wounds {unknown}
 A - 2 potions of brilliance
 C - a potion of lignification {unknown}
 F - a potion of cancellation
Comestibles
 f - 11 rations


   Skills:
 + Level 5.4(10.4) Fighting
 + Level 7.5(12.5) Short Blades
 + Level 4.3(9.3) Throwing
 + Level 3.4(8.4) Armour
 + Level 5.6(10.6) Dodging
 + Level 11.1(16.1) Stealth
 + Level 2.0(7.0) Shields
 + Level 0.9 Invocations


You had 9 spell levels left.
You didn't know any spells.
Your spell library contained the following spells:

 Spells                   Type           Power        Failure   Level  Hunger
 Beastly Appendage        Tmut           #.....       38%         1    ##.....
 Sticks to Snakes         Tmut           #.......     52%         2    ###....
 Spider Form              Tmut/Pois      #.........   77%         3    ####...
 Ice Form                 Ice/Tmut       #.......     99%         4    #####..
 Blade Hands              Tmut           #.........   100%        5    ######.


Dungeon Overview and Level Annotations

Branches:
Dungeon (8/15)             Temple (1/1) D:4            Lair (0/6) D:8
  Sewer (visited)

Altars:
Ashenzari
Cheibriados
Dithmenos
Elyvilon
Fedhas
Gozag
Hepliaklqana
Kikubaaqudgha
Makhleb
Nemelex Xobeh
Okawaru
Qazlal
Ru
Sif Muna
Trog
Uskayaw
Vehumet
Wu Jian
Xom
Zin
The Shining One

Annotations:
D:7 Menkaure


Innate Abilities, Weirdness & Mutations

You have razor-sharp teeth.
Your natural rate of healing is unusually fast.
When hurt, damage is shared between your health and your magic reserves.
Your bite disrupts and absorbs the magic of your enemies.
Potions cannot restore your health.
You are immune to rotting.
You are partially covered in icy blue scales. (AC +2)
You are resistant to electric shocks. (rElec)


Message History

You gain the combat prowess of a mighty hero.
The death yak gores you but does no damage.
The death yak completely misses you. The death yak misses you.
The death yak snorts and paws the ground.
The death yak completely misses you.
The death yak gores you but does no damage.
The death yak gores you but does no damage.
The death yak completely misses you.
You feel like a meek peon again. The death yak gores you!!
The death yak gores you. The death yak gores you!!
* * * LOW HITPOINT WARNING * * *
You gain the combat prowess of a mighty hero.
The death yak gores you!
* * * LOW HITPOINT WARNING * * *
The death yak misses you. The death yak gores you!
You die...

*,*,*#..#.#.# #...##†######.#
*,*,*#.)#.#.# #.............#
#.#.##..#.#.####....#.#####..#
#......).†....................
#.#.#####.#.####......#####..#
*,#.......#.# #.._...#####..#
*,#########.# #......#...#...
*,,.........####......#...#...
*>,..........@Yrr.............
*,*#.#############.Y..........
*,**,* #...#######.# *,**,*
#######........YgZ. *,**,*
#.......#.#######.# *,**,*
#.......#.........#
*,**,******#.......#########..
*,**,,,,,,,+.......#########..
*,*********#......##..........


You could see 2 death yaks, a porcupine and a quokka.

Vanquished Creatures
  A two-headed ogre (D:8)
  A death yak (D:8)
  Prince Ribbit (D:7)
  3 slime creatures (D:7)
  Sigmund (D:4)
  Edmund (D:4)
  Purgy (Sewer)
  Duvessa (D:4)
  An ice beast (D:4)
  3 black bears
  An ogre (D:4)
  3 orc warriors
  A necrophage (D:6)
  3 phantoms
  7 centaurs
  2 bullfrogs (D:8)
  Blork the orc (D:5)
  Dowan (D:4)
  4 scorpions
  A water moccasin skeleton (D:7)
  A howler monkey (D:4)
  A crimson imp (D:5)
  A centaur zombie (D:8)
  2 bullfrog zombies
  6 hounds
  A jelly (D:5)
  3 bullfrog skeletons
  4 orc wizards
  A centaur skeleton (D:5)
  Jessica (D:2)
  3 iguanas
  4 worker ants
  A hound zombie (D:7)
  A worker ant zombie (D:6)
  9 gnolls
  7 adders
  A howler monkey skeleton (D:7)
  2 shadow imps
  2 oozes
  An adder skeleton (D:5)
  An adder zombie (D:7)
  A worm (D:2)
  2 dart slugs (D:1)
  2 leopard geckos
  27 orcs
  12 bats
  4 giant cockroaches
  9 hobgoblins
  6 jackals
  8 kobolds
  4 quokkas
  4 ball pythons
  3 frilled lizards
  A giant cockroach zombie (D:5)
  9 goblins
  12 rats
195 creatures vanquished.

Vanquished Creatures (others)
  A fungus (D:3)
1 creature vanquished.

Grand Total: 196 creatures vanquished

Notes
Turn   | Place    | Note
-------+----------+-------------------------------------------
     0 | D:1      | Kairok the Vine Stalker Assassin began the quest for the
                  | Orb.
     0 | D:1      | Reached XP level 1. HP: 11/11 MP: 2/2
    37 | D:1      | Reached skill level 5 in Stealth
    80 | D:1      | Reached XP level 2. HP: 4/15 MP: 1/3
   358 | D:1      | Found a sparkling altar of Nemelex Xobeh.
   362 | D:1      | Found a snail-covered altar of Cheibriados.
   362 | D:1      | Found an ornate altar of the Wu Jian Council.
   380 | D:1      | Found a radiant altar of Vehumet.
   380 | D:1      | Found a shimmering altar of Xom.
   380 | D:1      | Found a hide-covered altar of Uskayaw.
   491 | D:1      | Reached skill level 1 in Dodging
   728 | D:1      | Reached XP level 3. HP: 15/18 MP: 4/4
  1191 | D:2      | Noticed Jessica
  1197 | D:2      | Killed Jessica
  1197 | D:2      | Gained mutation: Your natural rate of healing is unusually
                  | fast. [Vine Stalker growth]
  1197 | D:2      | Reached XP level 4. HP: 23/23 MP: 5/5
  1496 | D:2      | Reached skill level 6 in Stealth
  1698 | D:2      | Reached XP level 5. HP: 21/26 MP: 4/6
  2197 | D:3      | Found a sacrificial altar of Ru.
  2349 | D:3      | Found a blossoming altar of Fedhas.
  2379 | D:3      | Found an ancient bone altar of Kikubaaqudgha.
  2623 | D:3      | Found a faded altar of an unknown god.
  2979 | D:4      | Noticed Edmund
  3002 | D:4      | Found a staircase to the Ecumenical Temple.
  3003 | D:4      | Killed Edmund
  3003 | D:4      | Reached skill level 1 in Armour
  3003 | D:4      | Reached XP level 6. HP: 17/32 MP: 5/7
  3140 | Temple   | Entered the Ecumenical Temple
  3205 | Temple   | Became a worshipper of Warmaster Okawaru
  3302 | D:4      | Noticed an ice beast
  3309 | D:4      | Killed an ice beast
  3309 | D:4      | Reached XP level 7. HP: 35/35 MP: 8/8
  3409 | D:4      | Reached * piety under Okawaru
  3438 | D:4      | Reached skill level 7 in Stealth
  3510 | D:4      | Found a white marble altar of Elyvilon.
  3511 | D:4      | Noticed Duvessa
  3515 | D:4      | Noticed Dowan
  3879 | D:4      | Noticed Sigmund
  4015 | D:4      | Killed Sigmund
  4015 | D:4      | Gained mutation: You have razor-sharp teeth. [Vine Stalker
                  | growth]
  4015 | D:4      | Reached XP level 8. HP: 23/40 MP: 6/9
  4106 | D:4      | Killed Duvessa
  4124 | D:4      | Killed Dowan
  4209 | D:5      | Entered Level 5 of the Dungeon
  4216 | D:5      | Reached ** piety under Okawaru
  4216 | D:5      | Reached skill level 8 in Stealth
  4236 | D:5      | Found a shimmering altar of Xom.
  4580 | D:5      | Found a burning altar of Makhleb.
  4704 | D:5      | Reached skill level 5 in Short Blades
  4880 | D:5      | Reached skill level 9 in Stealth
  5048 | D:6      | Found an opulent altar of Gozag.
  5050 | D:6      | Noticed Blork the orc
  5083 | D:5      | Killed Blork the orc
  5083 | D:5      | Reached XP level 9. HP: 22/45 MP: 7/10
  5272 | D:6      | Reached *** piety under Okawaru
  5581 | D:6      | Found a glowing drain.
  5604 | Sewer    | Entered a sewer
  5626 | Sewer    | Noticed Purgy
  5659 | Sewer    | Killed Purgy
  5915 | D:6      | Found a sparkling altar of Nemelex Xobeh.
  5954 | D:6      | Reached skill level 10 in Stealth
  6078 | D:7      | Noticed Menkaure
  6590 | D:7      | Reached **** piety under Okawaru
  6594 | D:7      | Noticed Prince Ribbit
  6608 | D:7      | Killed Prince Ribbit
  6608 | D:7      | Reached skill level 1 in Shields
  6614 | D:7      | Reached XP level 10. HP: 38/51 MP: 9/11
  6911 | D:7      | Reached skill level 5 in Dodging
  7076 | D:7      | Reached skill level 5 in Fighting
  7663 | D:7      | Gained mutation: You are clumsy. (Dex -2) [potion of
                  | mutation]
  7663 | D:7      | Gained mutation: You are partially covered in icy blue
                  | scales. (AC +2) [potion of mutation]
  7663 | D:7      | Lost mutation: You are clumsy. (Dex -2) [potion of
                  | mutation]
  7663 | D:7      | Gained mutation: You are resistant to electric shocks.
                  | (rElec) [potion of mutation]
  7742 | D:8      | Found a snail-covered altar of Cheibriados.
  7760 | D:8      | Noticed a two-headed ogre
  7775 | D:8      | Killed a two-headed ogre
  7859 | D:8      | Reached ***** piety under Okawaru
  7944 | D:8      | Found a staircase to the Lair.
  7946 | D:8      | Noticed a death yak
  7946 | D:8      | Noticed a death yak
  7947 | D:8      | Noticed a death yak
  7979 | D:8      | Killed a death yak
  7979 | D:8      | Reached skill level 11 in Stealth
  8009 | D:8      | HP: 2/51 [death yak (14)]
  8010 | D:8      | Mangled by a death yak

Levels and vault maps discovered:
D:1:      saegor_arrival_simple_e, layout_loops_ring, doesnt_xom_only_xom
D:2:      layout_loops_corners, uniq_jessica
D:3:      layout_loops_ring, lemuel_crystal_altar, fedhas_altar_3,
          old_standard_altar, chequers_ecumenical_altar_simple_redux,
          first_ration
D:4:      layout_cave_pools, elyvilon_altar_5, temple_pool_b, uniq_sigmund,
          uniq_edmund, uniq_duvessa
D:5:      layout_basic, lemuel_crystal_altar, basic_altar
D:6:      layout_cave_pools, kennysheep_mini, basic_altar, portal_sewer_entry_b,
          minivault_10, uniq_blork_the_orc
D:7:      layout_layer_cave, uniq_menkaure, uniq_prince_ribbit1
D:8:      layout_basic, yredelemnul_forgotten_temple_becter, dpeg_lair_monsters,
          basic_altar, the_bakery
Temple:   eino_temple_water

Skill      XL: |  1  2  3  4  5  6  7  8  9 10 |
---------------+-------------------------------+-----
Stealth        | 5 6 7 9 10 11 | 11.1
Fighting       | 2 3 4 5 |  5.4
Short Blades   | 2 3 4 5 6 7 |  7.5
Dodging        | 1 2 3 4 5 |  5.6
Throwing       | 2 3 4 |  4.3
Armour         | 1 2 3 |  3.4
Shields        | 1 2 |  2.0
Invocations    | |  0.9

Action                   |  1- 3 |  4- 6 |  7- 9 | 10-12 || total
-------------------------+-------+-------+-------+-------++-------
Melee: Dagger            |    82 |   124 |   385 |   151 ||   742
       Bite              |    23 |    58 |   128 |    67 ||   276
       Short sword       |       |    64 |       |       ||    64
Throw: Dart              |     7 |    10 |    26 |     5 ||    48
       Throwing net      |       |       |       |     1 ||     1
Invok: Heroism           |       |       |       |     5 ||     5
Evoke: Wand              |       |       |       |     1 ||     1
  Use: Scroll            |     3 |     1 |     6 |     5 ||    15
       Potion            |     1 |       |     1 |     2 ||     4
 Stab: Sleeping          |     5 |     7 |    20 |     2 ||    34
       Distracted        |       |     1 |     2 |     1 ||     4
       Held in net/web   |       |       |       |     1 ||     1
  Eat: Chunk             |       |     6 |     9 |       ||    15
       Ration            |       |       |     1 |     1 ||     2
Armor: Robe              |    14 |    43 |    50 |       ||   107
       Chain mail        |       |    25 |       |       ||    25
       Troll leather arm |       |       |    21 |    31 ||    52
Dodge: Dodged            |    50 |   129 |   224 |   116 ||   519
Block: Buckler           |       |       |    30 |    24 ||    54
